 Dungeon Crawl Stone Soup version 0.31.0-32-g396128a36d (webtiles) character file.

Game seed: 4484633997108318747

585 PaiMei the Grave Robber (level 7, -3/54 HPs)
             Began as a Demonspawn Necromancer on Apr 23, 2024.
             Slain by a centaur (6 damage)
             ... on level 4 of the Dungeon.
             The game lasted 00:06:50 (3710 turns).

PaiMei the Grave Robber (Demonspawn Necromancer)    Turns: 3710, Time: 00:06:51

Health: -3/54      AC:  8    Str:  7    XL:     7   Next: 15%
Magic:  2/13       EV: 13    Int: 17    God:
Gold:   123        SH:  0    Dex: 14    Spells: 6/14 levels left

rFire   . . .        e - +1 dagger (drain)
rCold   . . .        (no shield)
rNeg    + . .        a - +0 robe
rPois   +            z - +1 hat
rElec   .            p - +2 ratskin cloak {*Rats rPois rN+ Str-1 Int-1 Dex+1}
rCorr   +            (no gloves)
SInv    .            (boots unavailable)
Will    .....        (no amulet)
Stlth   ++           d - ring of poison resistance
HPRegen 0.29/turn    r - ring of resist corrosion
MPRegen 0.26/turn

%: no passive effects
@: very slightly contaminated
A: hooves 3, rugged brown scales 2, magic regeneration
a: no special abilities


You were on level 4 of the Dungeon.
You visited 1 branch of the dungeon, and saw 4 of its levels.

You collected 123 gold pieces.

Inventory:

Hand Weapons
 c - a +0 spear
 e - a +1 dagger of draining (weapon)
 g - a +0 dagger of venom
Missiles
 h - 11 poisoned darts (quivered)
 s - 3 darts of dispersal
Armour
 a - a +0 robe (worn)
 f - a +0 kite shield
 p - the +2 ratskin cloak (worn) {*Rats rPois rN+ Str-1 Int-1 Dex+1}
   (You found it on level 2 of the Dungeon)

   *Rats:     When the wearer is hurt, rats may emerge from it to assist them.
   Str-1:     It affects your strength (-1).
   Int-1:     It affects your intelligence (-1).
   Dex+1:     It affects your dexterity (+1).
   rPois:     It protects you from poison rN+: It protects you from negative
   energy.
 z - a +1 hat (worn)
Jewellery
 d - a ring of poison resistance (left hand)
 r - a ring of resist corrosion (right hand)
Wands
 u - a wand of iceblast (7)
Scrolls
 i - a scroll of silence {unknown}
 j - a scroll of butterflies {unknown}
 k - 3 scrolls of identify {unknown}
 m - a scroll of amnesia {unknown}
 o - 2 scrolls of teleportation {unknown}
 t - a scroll of blinking {unknown}
 y - a scroll of vulnerability {unknown}
Potions
 b - 2 potions of magic
 l - a potion of resistance {unknown}
 n - a potion of ambrosia {unknown}
 q - a potion of heal wounds {unknown}
 v - a potion of curing {unknown}
 w - a potion of cancellation {unknown}
 x - 2 potions of might {unknown}


   Skills:
 + Level 3.4 Fighting
 + Level 3.8 Dodging
 - Level 2.0 Stealth
 + Level 4.0 Spellcasting
 + Level 6.1 Necromancy


You had 6 spell levels left.
You knew the following spells:

 Your Spells              Type           Power      Damage    Failure   Level
a - Necrotise             Necr           96%        1d8       1%          1
b - Vampiric Draining     Necr           24%        2d7       3%          3
c - Animate Dead          Necr           24%        N/A       13%         4

Your spell library contained the following spells:

 Spells                   Type           Power      Damage    Failure   Level
 Kiss of Death            Conj/Necr      52%        2d9       4%          1
 Curse of Agony           Necr           24%        N/A       34%         5
 Volatile Blastmotes      Fire/Tloc      6%         2d10      43%         3
 Fulminant Prism          Conj/Alch      1%         3d5       83%         4
 Iskenderun's Mystic Bla  Conj/Tloc      3%         2d3       83%         4


Dungeon Overview and Level Annotations

Branches:
Dungeon (4/15)
 Temple: D:4-7

Altars:


Innate Abilities, Weirdness & Mutations

You have hooves in place of feet.
You are mostly covered in rugged brown scales. (AC +2, +5% HP)
You regenerate magic rapidly.


Message History

The orc misses you.
Your hell rat closely misses the orc.
Casting: Necrotise (safe; 1% risk of failure)
Confirm with . or Enter, or press ? or * to list all spells.
Aiming: Vampiric Draining (dangerous; 3% risk of failure)
Press: ? - help, Shift-Dir - straight line, f/p - orc
Aim: an orc, wielding a +0 dagger (ally target)
You draw life force from the orc.
You feel life coursing into your body. Something hits your hell rat.
Something kicks your hell rat but does no damage.
The kobold throws a stone.
The stone hits you.
* * * LOW HITPOINT WARNING * * *
The centaur wields a +0 orcbow.
The centaur shoots an arrow.
The arrow hits your hell rat!
Your hell rat dies!
The orc hits you but does no damage.
Casting: Vampiric Draining (dangerous; 3% risk of failure)
Confirm with . or Enter, or press ? or * to list all spells.
Aiming: Vampiric Draining (dangerous; 3% risk of failure)
Press: ? - help, Shift-Dir - straight line, f/p - orc
Aim: an orc, wielding a +0 dagger (severely wounded)
You draw life force from the orc.
You kill the orc!
You feel life coursing into your body.
The centaur wields a +0 orcbow.
The centaur shoots an arrow.
The arrow hits you!
* * * LOW HITPOINT WARNING * * *
Your Spellcasting skill increases to level 4!
The centaur unwields a +0 orcbow.
The centaur hits you but does no damage.
The centaur kicks you.
* * * LOW HITPOINT WARNING * * *
You see here a +0 dagger.
Casting: Vampiric Draining (dangerous; 3% risk of failure)
Confirm with . or Enter, or press ? or * to list all spells.
Aiming: Vampiric Draining (dangerous; 3% risk of failure)
Press: ? - help, Shift-Dir - straight line, f - centaur
Aim: a centaur You miscast Vampiric Draining.
You are very lightly contaminated with residual magic.
Nothing appears to happen.
The centaur hits you.
You die...

..................#.
...................
#.................## ###
##........##.......##...
#........###.#..........
...........#.##.........
....#...................
....#.........occ...#
#....)......o.##@...#
#..........{###...#....
............# #..## ..
....#....cZ). .....
.....................
.....##.##........#...
...# .. ##.#.....# .. ..
..# #.K.....# . .
.......


You could see 2 centaurs, an orc and a kobold.

Vanquished Creatures
  Sigmund (D:2)
  An ice beast (D:3)
  A howler monkey (D:2)
  An orc priest (D:3)
  Jessica (D:2)
  Terence (D:2)
  An adder (D:2)
  2 dart slugs
  3 ribbon worms
  12 orcs
  6 endoplasms
  4 giant cockroaches
  9 goblins
  6 hobgoblins
  4 kobolds
  7 quokkas
  8 ball pythons
  7 bats
  2 frilled lizards
  6 rats
83 creatures vanquished.

Vanquished Creatures (collateral kills)
  An ice beast (D:3)
  An orc (D:4)
  An endoplasm (D:4)
  A frilled lizard (D:2)
  A rat (D:2)
5 creatures vanquished.

Grand Total: 88 creatures vanquished

Notes
Turn   | Place    | Note
-------+----------+-------------------------------------------
     0 | D:1      | PaiMei the Demonspawn Necromancer began the quest for the
                  | Orb.
     0 | D:1      | Reached XP level 1. HP: 13/13 MP: 3/3
   324 | D:1      | Gained mutation: You regenerate magic rapidly. [demonic
                  | ancestry]
   324 | D:1      | Reached XP level 2. HP: 19/19 MP: 1/5
   916 | D:2      | Gained mutation: You have large cloven feet. [demonic
                  | ancestry]
   916 | D:2      | Reached XP level 3. HP: 22/25 MP: 2/6
   994 | D:2      | Reached skill level 1 in Fighting
  1149 | D:2      | Gained mutation: You are partially covered in rugged brown
                  | scales. (AC +1, +3% HP) [demonic ancestry]
  1149 | D:2      | Reached XP level 4. HP: 15/32 MP: 2/8
  1153 | D:2      | Learned a level 3 spell: Vampiric Draining
  1158 | D:2      | Noticed Terence
  1343 | D:2      | Reached skill level 5 in Necromancy
  1506 | D:2      | Killed Terence
  1672 | D:2      | Found the +2 ratskin cloak {*Rats rPois rN+ Str-1 Int-1
                  | Dex+1}
  1813 | D:2      | Noticed Jessica
  1819 | D:2      | Killed Jessica
  1820 | D:2      | Gained mutation: You have hoof-like feet. [demonic
                  | ancestry]
  1820 | D:2      | Reached XP level 5. HP: 36/39 MP: 5/9
  1870 | D:2      | Noticed Sigmund
  1915 | D:2      | Killed Sigmund
  1916 | D:2      | Gained mutation: You have hooves in place of feet. [demonic
                  | ancestry]
  1916 | D:2      | Reached XP level 6. HP: 47/47 MP: 0/11
  2267 | D:3      | Learned a level 4 spell: Animate Dead
  2324 | D:3      | Noticed an ice beast
  2533 | D:3      | Found a faded altar of an unknown god.
  2538 | D:3      | Got Plato's Atlas of Hurting
  2967 | D:3      | Killed an ice beast
  3497 | D:4      | Noticed an ice beast
  3510 | D:3      | Killed an ice beast
  3511 | D:3      | Reached skill level 6 in Necromancy
  3511 | D:3      | Gained mutation: You are mostly covered in rugged brown
                  | scales. (AC +2, +5% HP) [demonic ancestry]
  3511 | D:3      | Reached XP level 7. HP: 13/54 MP: 1/12
  3710 | D:4      | Slain by a centaur

Illustrated notes

Levels and vault maps discovered:
D:1:      minmay_arrival_open_corners, layout_loops_ring
D:2:      layout_basic, corexii_corridor_pit, minmay_joined_circles,
          uniq_sigmund, uniq_terence, uniq_jessica
D:3:      layout_rooms, shapermc_ecumenical_altar_rom_forum, serial_glass,
          glass_columns_a, glass_columns_a, kennysheep_cluttered_room,
          hex_large, minmay_distorted
D:4:      layout_cave_pools, minmay_manual_mares

Skill      XL: |  1  2  3  4  5  6  7 |
---------------+----------------------+-----
Stealth        | 2 |  2.0
Dodging        | 2 3 |  3.8
Fighting       | 1 2 3 |  3.4
Necromancy     | 5 6 |  6.1
Spellcasting   | 3 4 |  4.0

Action                     |  1- 3 |  4- 6 |  7- 9 || total
---------------------------+-------+-------+-------++-------
  Melee: Spear             |     4 |       |       ||     4
         Dagger            |       |    17 |       ||    17
         Kick              |       |     4 |       ||     4
   Cast: Necrotise         |    57 |   101 |     7 ||   165
         Vampiric Draining |       |    11 |     2 ||    13
 Armour: Robe              |    16 |    46 |    17 ||    79
  Dodge: Dodged            |    19 |    47 |     3 ||    69
